Map: Ephemeron LE

Players

Impact

  • Race: Zerg Zerg
  • League: Grandmaster
  • Spawn Location: 11:00

Cure - Winner!

  • Race: Terran Terran
  • Spawn Location: 5:00

VOD

Have the link to the VOD?

Description

Time

  • Played on: Sept. 3, 2019, 6:58 a.m.
  • Length: 20:13
Show
View Real Time Build Order
Export as new Build Order

Impact Zerg 

Build Orders: Hatch First 

Get SALT Encoding   

  12  0:00  Drone  
  13  0:12  Overlord  
  13  0:17  Drone  
  14  0:30  Drone  
  14  0:31  Drone  
  16  0:49  Hatchery  
  15  0:52  Drone  
  15  0:55  Drone  
  17  0:59  Drone  
  18  1:06  Extractor  
  17  1:14  Spawning Pool  
  17  1:17  Drone  
  17  1:20  Drone  
  18  1:28  Drone  
  19  1:48  Overlord  
  19  2:01  Queen x2  
  19  2:02  Zergling x4  
  19  2:03  Drone  
  19  2:07  Metabolic Boost  
  26  2:15  Drone  
  27  2:19  Drone  
  28  2:24  Drone x2  
  30  2:34  Drone  
  30  2:35  Drone  
  30  2:36  Queen  
  33  2:44  Drone  
  33  2:49  Overlord  
  34  2:57  Drone  
  34  2:58  Drone  
  36  3:05  Overlord  
  36  3:08  Zergling x2  
  36  3:09  Drone x2  
  36  3:10  Drone  
  40  3:13  Queen  
  40  3:18  Drone  
  43  3:22  Drone  
  44  3:28  Drone  
  44  3:31  Extractor  
  44  3:43  Drone x3  
  44  3:45  Overlord  
  44  3:47  Drone x2  
  49  3:50  Hatchery, Evolution Chamber x2  
  49  3:52  Queen  
  48  3:56  Drone  
  48  3:58  Drone  
  48  4:01  Overlord  
  50  4:03  Overlord, Extractor  
  50  4:07  Lair  
  49  4:12  Drone  
  49  4:13  Drone  
  51  4:19  Spore Crawler, Drone  
  51  4:20  Overlord  
  51  4:21  Spore Crawler, Zergling x4  
  51  4:23  Zergling x2  
  53  4:25  Zergling x2  
  53  4:29  Drone  
  53  4:30  Drone  
  56  4:36  Zerg Ground Armor Level 1  
  56  4:38  Drone  
  56  4:39  Extractor  
  56  4:42  Drone  
  57  4:46  Drone  
  57  4:47  Drone  
  57  4:49  Zerg Melee Weapons Level 1  
  57  4:50  Drone x3  
  62  4:54  Drone  
  63  5:01  Baneling Nest, Drone x3  
  63  5:06  Queen  
  65  5:08  Overseer  
  65  5:10  Drone x3  
  70  5:14  Overlord  
  70  5:15  Overseer  
  70  5:22  Drone  
  70  5:25  Drone  
  70  5:26  Drone x4  
  76  5:30  Drone  
  76  5:31  Zergling x2  
  76  5:34  Drone  
  79  5:39  Drone  
  79  5:40  Drone x5  
  85  5:45  Baneling  
  85  5:46  Spore Crawler  
  85  5:47  Zergling x2  
  85  5:48  Zergling x2  
  86  5:50  Overlord x2  
  86  5:55  Baneling  
  86  5:56  Centrifical Hooks, Extractor  
  85  5:59  Hatchery  
  85  6:00  Zergling x2  
  85  6:03  Zergling x2  
  86  6:07  Zergling x2  
  86  6:08  Zergling x2  
  86  6:09  Zergling x12  
  94  6:11  Zergling x4  
  94  6:15  Overlord  
  94  6:17  Overlord  
  96  6:21  Baneling x5  
  96  6:25  Zergling x4  
  95  6:36  Zergling x18  
  104  6:43  Drone  
  104  6:46  Zergling x6, Hatchery  
  107  6:48  Overlord  
  107  6:49  Zerg Ground Armor Level 2  
  107  6:50  Zerg Melee Weapons Level 2  
  102  6:56  Drone  
  102  6:58  Zergling x4  
  101  7:03  Zergling x2  
  101  7:04  Zergling x4  
  101  7:08  Zergling x4  
  105  7:09  Baneling, Hatchery  
  105  7:10  Baneling  
  105  7:11  Zergling x4  
  104  7:20  Zergling x10  
  102  7:26  Zergling x4  
  103  7:30  Zergling x4, Baneling  
  103  7:31  Baneling x2  
  103  7:33  Zergling x2  
  103  7:35  Burrow  
  103  7:36  Zergling x2  
  107  7:40  Zergling x2  
  107  7:42  Drone  
  107  7:44  Zergling x2, Hatchery  
  110  7:45  Overseer  
  110  7:46  Baneling  
  110  7:49  Zergling x2  
  105  7:51  Zergling x2  
  105  7:52  Zergling x2  
  105  7:54  Zergling x2  
  108  7:58  Spore Crawler  
  108  8:02  Baneling  
  108  8:03  Baneling  
  108  8:05  Drone x7  
  114  8:07  Pneumatized Carapace  
  114  8:09  Zergling x6, Extractor  
  114  8:10  Baneling  
  114  8:11  Baneling x4  
  114  8:12  Zergling x6  
  119  8:15  Zergling x2  
  119  8:18  Zergling x2  
  119  8:19  Baneling x4  
  121  8:21  Zergling x6  
  121  8:23  Zergling x2, Hatchery  
  121  8:24  Zergling x4  
  121  8:25  Overlord  
  121  8:26  Overlord  
  126  8:27  Overlord x2  
  126  8:28  Zergling x2  
  126  8:32  Drone  
  126  8:33  Drone x2  
  130  8:37  Baneling  
  130  8:38  Baneling x6  
  126  8:42  Zergling x6  
  126  8:43  Zergling x2  
  126  8:45  Baneling x5  
  126  8:46  Baneling x2  
  126  8:47  Zergling x4  
  120  8:51  Baneling x7  
  120  8:52  Baneling x7  
  120  8:53  Zergling x2  
  120  8:54  Zergling x2  
  122  8:56  Zergling x4  
  121  9:03  Zergling x14  
  121  9:05  Zergling x4  
  121  9:07  Zergling x4  
  130  9:12  Infestation Pit  
  130  9:16  Zergling x14  
  133  9:20  Drone x3  
  133  9:21  Zergling x2  
  136  9:30  Overlord x2, Overseer  
  136  9:31  Overseer  
  127  9:34  Zergling x8  
  127  9:37  Zergling x10  
  136  9:40  Zergling x6  
  139  9:46  Zergling x6, Queen x2  
  139  9:49  Drone  
  139  9:51  Drone  
  139  9:52  Hive  
  148  9:54  Drone  
  148  9:55  Drone  
  148  9:57  Zergling x4  
  148  9:58  Zergling x2  
  148  9:59  Zergling x2  
  154  10:06  Zergling x4  
  154  10:07  Zergling x8  
  151  10:09  Zergling x4  
  151  10:12  Zergling x6  
  156  10:15  Zergling x6  
  156  10:18  Drone  
  156  10:19  Spore Crawler  
  158  10:22  Zergling x8  
  158  10:24  Baneling x7  
  158  10:27  Baneling x2  
  158  10:28  Zergling x6  
  163  10:40  Zergling x2  
  163  10:41  Zergling x6  
  149  10:43  Zergling x8  
  149  10:45  Zergling x6  
  149  10:46  Zergling x8  
  149  10:47  Zergling x16  
  146  10:51  Zergling x8  
  146  10:53  Zergling x6  
  146  10:56  Zergling x6  
  141  10:58  Zergling x4  
  141  11:00  Zergling x2  
  141  11:01  Zergling x4  
  141  11:03  Drone  
  141  11:04  Drone x3  
  146  11:09  Zergling x2  
  146  11:10  Zergling x10  
  146  11:14  Drone x4  
  127  11:19  Drone x4  
  127  11:22  Zergling x4  
  127  11:23  Baneling x5  
  127  11:24  Baneling  
  133  11:27  Zergling x2  
  133  11:28  Zergling x6  
  133  11:31  Baneling x7  
  133  11:32  Overseer  
  137  11:33  Zergling x2  
  137  11:37  Zergling x8  
  140  11:43  Zergling x6  
  140  11:44  Zergling x6  
  143  11:55  Zerg Melee Weapons Level 3, Zerg Ground Armor Level 3  
  143  11:56  Baneling x7  
  143  12:00  Adrenal Glands  
  143  12:02  Zergling x4  
  143  12:07  Zergling x10  
  149  12:13  Zergling x8, Ultralisk Cavern  
  149  12:15  Zergling x4  
  154  12:17  Zergling x4  
  155  12:25  Zergling x12  
  155  12:26  Zergling x6  
  155  12:27  Zergling x4  
  166  12:30  Zergling x8  
  166  12:32  Overlord  
  166  12:34  Overlord  
  160  12:38  Zergling x2  
  160  12:39  Zergling x8  
  150  12:49  Zergling x24  
  145  12:53  Zergling x2, Drone x2  
  145  12:54  Zergling x4  
  145  12:56  Overlord  
  145  12:57  Overlord  
  150  13:00  Baneling x7  
  150  13:03  Zergling x6  
  150  13:05  Chitinous Plating  
  153  13:12  Ultralisk  
  159  13:13  Baneling  
  159  13:14  Baneling x5  
  157  13:21  Ultralisk  
  155  13:28  Ultralisk  
  144  13:36  Ultralisk x2  
  144  13:40  Ultralisk  
  160  13:43  Zergling x8  
  160  13:46  Baneling x9  
  163  13:52  Zergling x10  
  163  13:53  Baneling  
  163  13:54  Baneling x3  
  149  14:04  Zergling x12, Hatchery  
  149  14:07  Zergling x2  
  149  14:08  Zergling x6  
  155  14:14  Zergling x2, Ultralisk  
  160  14:18  Zergling x10  
  160  14:24  Queen x2  
  165  14:27  Zergling x2  
  165  14:28  Zergling x6  
  165  14:29  Baneling x3  
  173  14:32  Overlord  
  173  14:37  Overseer  
  173  14:41  Extractor  
  173  14:42  Spire  
  173  14:43  Zergling x12  
  174  14:51  Viper, Zergling x2  
  174  14:52  Zergling x10  
  154  14:56  Zergling x8  
  151  15:00  Zergling x10  
  151  15:04  Overlord  
  156  15:17  Zergling x12, Ultralisk  
  165  15:27  Zergling x8, Ultralisk  
  175  15:30  Baneling x7  
  163  15:38  Zergling x2  
  163  15:39  Zergling x14  
  163  15:42  Zergling x10  
  159  15:45  Zergling x8  
  159  15:51  Zergling x8  
  159  15:52  Zergling x4  
  151  15:58  Ultralisk  
  151  15:59  Zergling x4  
  151  16:02  Zergling x2  
  151  16:03  Zergling x6  
  150  16:04  Zergling x2  
  150  16:05  Zergling x4  
  150  16:08  Zergling x6  
  144  16:12  Baneling x9  
  144  16:13  Zergling x2, Baneling  
  144  16:15  Zergling x2  
  144  16:16  Zergling x2  
  145  16:22  Zergling x14  
  151  16:28  Ultralisk  
  151  16:29  Zergling x4  
  142  16:37  Ultralisk  
  142  16:39  Overlord x2  
  142  16:41  Overlord  
  142  16:44  Corruptor  
  140  16:48  Corruptor  
  140  16:50  Corruptor  
  140  16:52  Zergling x2  
  140  16:53  Zergling x8  
  140  16:58  Zergling x2  
  140  16:59  Zergling x8  
  144  17:07  Hatchery  
  143  17:11  Overseer  
  143  17:12  Overseer  
  143  17:13  Zergling x12  
  143  17:14  Drone  
  150  17:16  Corruptor  
  150  17:18  Baneling x4  
  150  17:21  Zergling x6  
  153  17:23  Baneling x4  
  153  17:24  Baneling  
  153  17:26  Zergling x4  
  155  17:32  Zergling x12  
  161  17:43  Zergling x8, Ultralisk  
  155  17:45  Overlord  
  154  17:53  Zergling x2, Baneling x6  
  154  17:54  Zergling x4  
  154  17:56  Overlord  
  157  17:59  Zergling x8  
  154  18:06  Zergling x2  
  154  18:07  Zergling x10  
  154  18:09  Baneling  
  154  18:10  Baneling x3  
  154  18:11  Zergling x2  
  158  18:16  Overlord  
  158  18:22  Ultralisk  
  153  18:33  Zergling x6, Ultralisk  
  138  18:39  Zergling x8  
  120  18:42  Zergling x6  
  120  18:44  Zergling x4  
  124  18:51  Zergling x2  
  124  18:52  Zergling x8  
  124  18:54  Overseer  
  127  18:58  Infestor  
  127  19:00  Zergling x6  
  132  19:05  Zergling x6  
  132  19:06  Baneling  
  132  19:07  Baneling x2  
  135  19:11  Zergling x2  
  135  19:12  Zergling x6  
  135  19:13  Baneling x3  
  139  19:19  Zergling x2  
  139  19:20  Zergling x6  
  143  19:26  Zergling x4, Baneling x5  
  143  19:27  Zergling x2  
  143  19:29  Zergling x4  
  148  19:32  Overseer  
  148  19:39  Zergling x2  
  148  19:40  Zergling x8  
  153  19:49  Zergling x2  
  153  19:50  Zergling x12  
Show
View Real Time Build Order
Export as new Build Order

Cure Terran - Winner!

Build Orders: Reaper Expand 

Get SALT Encoding   

  12  0:00  SCV  
  13  0:12  SCV  
  14  0:17  Supply Depot  
  14  0:24  SCV  
  15  0:38  SCV  
  15  0:40  Barracks  
  16  0:43  Refinery  
  16  0:50  SCV  
  17  1:02  SCV  
  18  1:14  SCV  
  19  1:26  Reaper  
  19  1:27  Orbital Command  
  20  1:39  Command Center  
  20  1:49  Supply Depot  
  20  1:52  SCV  
  21  1:58  Marine  
  22  2:04  SCV  
  22  2:08  Factory  
  23  2:16  SCV  
  23  2:17  Refinery  
  23  2:19  Barracks Reactor  
  24  2:29  SCV  
  25  2:41  SCV  
  26  2:51  Orbital Command  
  26  2:53  SCV  
  26  2:54  Starport  
  27  3:02  Barracks Tech Lab  
  27  3:04  Hellion x2  
  27  3:05  SCV  
  32  3:17  SCV x2  
  32  3:19  Supply Depot  
  34  3:26  Hellion x2  
  38  3:29  SCV x2, Barracks Tech Lab  
  39  3:41  SCV x2  
  39  3:47  Marine, Supply Depot  
  45  3:53  SCV  
  47  3:55  SCV  
  47  3:57  Stimpack  
  49  4:05  Marine, SCV  
  49  4:07  SCV  
  52  4:11  Supply Depot  
  50  4:17  SCV  
  50  4:19  SCV  
  50  4:23  Command Center  
  51  4:26  Marine  
  51  4:27  Barracks  
  51  4:29  SCV, Factory Reactor  
  51  4:30  Barracks  
  51  4:32  SCV  
  51  4:34  Starport Reactor, Supply Depot  
  52  4:40  Supply Depot  
  52  4:42  SCV  
  52  4:44  Marine, SCV  
  55  4:50  Engineering Bay x2  
  55  4:54  SCV  
  55  4:56  SCV  
  57  5:00  Refinery  
  57  5:01  Marine, Refinery  
  57  5:06  SCV  
  59  5:08  SCV  
  60  5:17  Marine x2, Medivac x2  
  60  5:18  SCV  
  60  5:19  Marine, Factory Reactor  
  60  5:20  SCV  
  69  5:25  Marine x2  
  71  5:30  SCV  
  71  5:31  Terran Infantry Armor Level 1, Terran Infantry Weapons Level 1  
  71  5:32  SCV  
  71  5:34  Orbital Command  
  73  5:39  Marine x3  
  73  5:40  Combat Shield  
  76  5:42  Marine  
  76  5:43  Marine, SCV  
  76  5:44  SCV  
  76  5:48  Supply Depot  
  80  5:55  Orbital Command  
  80  5:56  SCV x2  
  82  5:57  Marine x3  
  82  6:00  Marine x2  
  82  6:01  Medivac x2  
  95  6:04  Widow Mine x2  
  95  6:08  SCV x2  
  97  6:14  Supply Depot  
  97  6:15  Supply Depot  
  97  6:18  Marine x5  
  100  6:21  SCV  
  100  6:22  SCV x2  
  102  6:35  Marine x2  
  102  6:36  Marine x3  
  102  6:37  Barracks  
  102  6:38  Barracks, Armory  
  102  6:39  SCV x3  
  110  6:53  Marine x3  
  110  6:54  Marine x2, Medivac, Widow Mine x2  
  117  7:03  SCV x2, Medivac  
  117  7:04  SCV  
  122  7:11  Marine x3  
  125  7:16  Marine x2, Supply Depot x2  
  125  7:17  Supply Depot  
  125  7:21  SCV x2  
  125  7:22  SCV, Refinery  
  123  7:26  Factory  
  121  7:31  Barracks Reactor  
  121  7:32  Barracks Reactor  
  121  7:33  Terran Infantry Armor Level 2, Terran Infantry Weapons Level 2  
  121  7:34  Terran Vehicle And Ship Armor Level 1  
  121  7:37  Marine x3  
  121  7:40  Marine  
  125  7:44  Bunker  
  125  7:49  SCV x3  
  128  7:54  Marine  
  128  7:55  Marine x3  
  132  7:58  Marine  
  132  8:00  Refinery  
  132  8:03  Supply Depot x2  
  133  8:07  Marine x4  
  133  8:09  Widow Mine x2  
  133  8:12  Marine  
  142  8:13  Marine  
  143  8:20  Command Center  
  143  8:24  Marine x3  
  143  8:25  Marine x3  
  149  8:27  Drilling Claws  
  149  8:28  Medivac x2, Widow Mine  
  149  8:32  Supply Depot  
  155  8:35  Supply Depot  
  155  8:43  SCV x3  
  155  8:47  Marine x2  
  155  8:48  Marine x2  
  146  8:52  Bunker  
  146  8:53  Widow Mine x2  
  146  8:54  Widow Mine  
  152  9:01  Marine x4  
  152  9:02  Marine  
  155  9:05  Marine  
  155  9:06  Supply Depot  
  149  9:11  Marine x3  
  148  9:19  Marine x5  
  148  9:20  Medivac x2, Widow Mine x3  
  163  9:29  Marine x4  
  157  9:37  Marine x2  
  159  9:43  Barracks  
  159  9:44  Barracks x2  
  159  9:45  Widow Mine x3  
  165  9:47  Marine x4  
  169  9:55  Medivac x2  
  169  9:56  Terran Infantry Weapons Level 3  
  173  10:03  Terran Infantry Armor Level 3  
  173  10:06  Widow Mine  
  173  10:07  Widow Mine x2  
  176  10:09  SCV x3  
  173  10:16  Marine x4  
  177  10:26  Marine x4  
  177  10:27  Marine  
  177  10:28  Widow Mine x3, Terran Vehicle And Ship Armor Level 2  
  188  10:33  Marine  
  189  10:39  Marine x4  
  173  10:46  SCV x3  
  173  10:48  Marine x6  
  173  10:49  Widow Mine x3  
  145  10:58  SCV x3  
  145  11:11  SCV, Widow Mine x3  
  151  11:12  Marine x6, SCV x2  
  152  11:26  Marauder, Barracks Tech Lab  
  152  11:27  Marine x2  
  152  11:28  Marine x2  
  152  11:29  SCV x2  
  159  11:34  Planetary Fortress  
  158  11:42  SCV x3  
  160  11:48  Marauder  
  160  11:50  Marine x4, Marauder  
  168  11:54  Barracks Tech Lab  
  168  11:55  Sensor Tower  
  168  12:02  SCV x2  
  168  12:05  Barracks Tech Lab  
  170  12:09  Marauder  
  170  12:11  Marauder  
  170  12:12  Marine x6, Marauder  
  170  12:14  Concussive Shells  
  182  12:16  Widow Mine x3  
  182  12:17  Medivac x2  
  192  12:28  Marine x2  
  192  12:29  Orbital Command, Command Center, Marauder  
  196  12:30  Marine x2  
  196  12:31  Marauder  
  196  12:40  Marine x4, Marauder  
  196  12:41  Marauder  
  196  13:03  Orbital Command  
  196  13:18  Marine  
  196  13:21  Marine  
  196  13:22  Marine  
  196  13:23  Marine  
  196  13:24  Marine x2  
  196  13:26  Marauder  
  196  13:27  Marine  
  192  13:38  Supply Depot x2  
  192  13:41  Marine x2, Widow Mine x3  
  196  13:47  Command Center  
  196  13:48  Command Center  
  196  13:53  Supply Depot  
  196  14:01  Marine  
  188  14:11  SCV x2, Marauder x2  
  188  14:13  SCV x2  
  188  14:15  Marine x4, Marauder x2  
  196  14:36  Marine, SCV  
  196  14:45  Marine, SCV  
  196  14:46  Marine x3  
  196  14:47  Marauder  
  196  14:48  Marine x2, SCV, Medivac x2, Widow Mine  
  196  14:49  Marine, Marauder x2  
  196  14:51  Marauder, Widow Mine x2  
  194  14:54  Marine  
  194  14:59  SCV x3  
  182  15:02  Ghost Academy  
  182  15:03  Marine x2  
  182  15:04  Marine x2  
  182  15:05  Marine, Orbital Command  
  182  15:06  Marine  
  185  15:09  Marine, Marauder  
  185  15:10  Marauder x2, Widow Mine  
  185  15:12  Marine, Widow Mine x2  
  185  15:13  Marauder  
  197  15:21  Marine x3  
  198  15:30  Marauder  
  198  15:31  Liberator  
  198  15:34  Marine x2, Widow Mine  
  198  15:35  Marauder  
  195  15:39  Marine x6, Marauder  
  195  15:40  Marauder  
  169  15:47  Widow Mine x2  
  159  15:51  Marauder  
  159  15:52  Marine x2  
  159  15:55  Widow Mine  
  159  15:56  Marauder  
  157  15:57  Marine x3  
  157  16:01  Marauder x2  
  162  16:08  Planetary Fortress  
  162  16:13  Marauder, Widow Mine x2  
  162  16:16  Widow Mine  
  162  16:17  Marauder  
  172  16:18  Marine x3  
  172  16:22  Marauder x2  
  179  16:28  Marine x2  
  179  16:29  Marine  
  179  16:30  Marine  
  171  16:34  Marauder  
  171  16:35  Marine  
  171  16:36  Marine x3  
  171  16:39  Marauder  
  162  16:43  Marine  
  162  16:44  Marauder  
  162  16:46  Marine x3  
  166  16:47  Marine  
  166  16:53  Marine  
  159  16:54  Marine  
  159  16:55  Marauder  
  159  16:56  Widow Mine  
  159  16:58  Widow Mine  
  159  17:00  Marauder  
  165  17:01  Liberator  
  165  17:02  Marauder  
  165  17:05  Marauder  
  165  17:06  Liberator  
  167  17:10  Widow Mine  
  167  17:11  Sensor Tower  
  167  17:14  Marine x2  
  167  17:15  Marine  
  171  17:17  Marauder, Widow Mine  
  171  17:19  Widow Mine  
  171  17:22  Marauder  
  183  17:23  Marauder  
  186  17:40  Marine x2, Marauder  
  186  17:41  Marauder  
  186  17:44  Widow Mine x3  
  167  17:50  Ghost x2  
  167  17:51  Marine x6  
  177  17:59  Orbital Command  
  177  18:01  Ghost x2, Medivac  
  180  18:06  Medivac  
  180  18:11  Marine x6  
  188  18:16  Missile Turret  
  188  18:18  Ghost x2  
  191  18:20  Widow Mine x3  
  189  18:29  Ghost  
  189  18:30  Ghost  
  189  18:33  Marine x6, Orbital Command  
  172  18:39  Marine x2, Medivac  
  172  18:40  Medivac  
  160  18:48  Marauder x2  
  164  18:51  Widow Mine  
  164  18:52  Widow Mine x2  
  170  18:57  Liberator x2  
  170  18:59  Marauder x2  
  170  19:01  Marine x3  
  177  19:08  Ghost  
  177  19:09  Marauder  
  187  19:19  Ghost  
  187  19:20  Marauder  
  187  19:23  Marine  
  187  19:24  Marine x3  
  192  19:26  Widow Mine  
  192  19:29  Widow Mine  
  192  19:30  Widow Mine  
  199  19:37  Refinery x2  
  199  19:40  Command Center  
  187  19:52  Refinery  
  187  19:54  Refinery  
Tags
 
Add a new tag
Caveats
  • Supply blocks, unpowered buildings, or Contaminate may cause inaccurate times.
  • Supply counts are checked every 10 seconds.